 Dungeon Crawl Stone Soup version 0.31.0-11-ge490571c62 (webtiles) character file.

Game seed: 9144579872067747578

113 Gadfly the Insei (level 4, 0/35 HPs)
             Began as a Demonspawn Monk on Feb 1, 2024.
             Slain by an adder (2 damage)
             ... on level 3 of the Dungeon.
             The game lasted 00:03:34 (1854 turns).

Gadfly the Insei (Demonspawn Monk)                  Turns: 1854, Time: 00:03:34

Health: 0/35       AC:  2    Str: 14    XL:     4   Next: 65%
Magic:  6/6        EV: 13    Int: 10    God:
Gold:   149        SH:  0    Dex: 15    Spells: 3/3 levels left

rFire   . .          .
                       - Unarmed
rCold   . . .        c - orb {light}
rNeg    . . .        j - +0 robe
rPois   .            (helmet restricted)
rElec   .            (no cloak)
rCorr   .            (no gloves)
SInv    .            (no boots)
Will    .....        (no amulet)
Stlth   +            (no ring)
HPRegen 0.25/turn    (no ring)
MPRegen 0.10/turn

%: no passive effects
@: lethally poisoned (0 -> -3), glowing
A: antennae 2
a: no special abilities


You were on level 3 of the Dungeon.
You visited 1 branch of the dungeon, and saw 3 of its levels.

You collected 149 gold pieces.

Inventory:

Armour
 c - an orb of light (worn)
 j - a +0 robe (worn)
Potions
 e - a potion of heal wounds
 f - a potion of curing {unknown}
 h - a potion of enlightenment {unknown}


   Skills:
 - Level 3.0 Fighting
 + Level 2.9 Dodging
 * Level 3.2 Unarmed Combat
 * Level 2.8 Invocations
 * Level 1.8 Evocations
 * Level 1.4 Shapeshifting


You had 3 spell levels left.
You didn't know any spells.
Your spell library contained the following spells:

 Spells                   Type           Power      Damage    Failure   Level
 Freeze                   Ice            0%         1d3       36%         1
 Frozen Ramparts          Ice            0%         1d1       75%         3
 Hailstorm                Conj/Ice       0%         3d5       75%         3


Dungeon Overview and Level Annotations

Branches:
Dungeon (3/15)

Altars:


Innate Abilities, Weirdness & Mutations

You have a pair of antennae on your head.


Message History

You hit the adder.
The adder is moderately wounded.
You feel sick. The adder bites you but does no damage.
You hit the adder but do no damage.
The adder is moderately wounded.
You feel sick. The adder closely misses you. The gnoll barely misses you.
Unknown command.
You feel sick. The adder attacks as it pursues you!
The adder barely misses you.
You are confused.
You feel invigorated.
You feel sick. The adder barely misses you. The gnoll completely misses you.
The adder misses you.
You bump into the rock wall.
You feel sick. The adder bites you.
You feel less invigorated.
You feel less confused.
You feel sick.
You feel sick.
You are no longer poisoned.
The adder attacks as it pursues you! The adder bites you but does no damage.
The adder bites you.
You are poisoned.
The adder poisons you!
You feel sick.
You feel sick. The adder attacks as it pursues you!
The adder closely misses you.
You feel sick. The adder bites you.
* * * LOW HITPOINT WARNING * * *
You are lethally poisoned!
The adder poisons you! The adder barely misses you.
* * * LOW HITPOINT WARNING * * *
You feel sick.
You hit the adder.
The adder is moderately wounded.
* * * LOW HITPOINT WARNING * * *
You feel sick. The adder bites you but does no damage.
You closely miss the adder.
The adder is moderately wounded.
* * * LOW HITPOINT WARNING * * *
You feel sick. The adder bites you.
You die...

#.###### #...@Sg#
#.####.#.# .#
..#{#.# . #.#.#.#
#. #.#g#.# #.
#.#.#g# #..#.#g#g#
####.[#.#.#.#.#...
...........)<.....


You could see a gnoll and an adder.

Vanquished Creatures
  Jessica (D:2)
  A gnoll (D:3)
  2 adders (D:2)
  2 dart slugs
  2 endoplasms (D:1)
  3 giant cockroaches
  6 goblins
  4 hobgoblins
  8 jackals
  3 kobolds
  3 quokkas
  7 ball pythons
  3 bats
  2 frilled lizards (D:1)
  3 rats
50 creatures vanquished.

Notes
Turn   | Place    | Note
-------+----------+-------------------------------------------
     0 | D:1      | Gadfly the Demonspawn Monk began the quest for the Orb.
     0 | D:1      | Reached XP level 1. HP: 18/18 MP: 1/1
   198 | D:1      | Reached skill level 1 in Invocations
   198 | D:1      | Discovered your monstrous ancestry.
   198 | D:1      | Gained mutation: You have a pair of small antennae on your
                  | head. [demonic ancestry]
   198 | D:1      | Reached XP level 2. HP: 23/24 MP: 2/2
   494 | D:1      | Gained mutation: You have a pair of antennae on your head.
                  | [demonic ancestry]
   494 | D:1      | Reached XP level 3. HP: 27/29 MP: 4/4
   505 | D:1      | Reached skill level 1 in Evocations
   992 | D:2      | Reached skill level 1 in Shapeshifting
  1077 | D:2      | Found a faded altar of an unknown god.
  1123 | D:2      | Noticed Jessica
  1135 | D:2      | Killed Jessica
  1136 | D:2      | Reached XP level 4. HP: 33/35 MP: 5/5
  1854 | D:3      | Slain by an adder

Illustrated notes

Levels and vault maps discovered:
D:1:      minmay_arrival_nine_rooms, layout_loops_ring
D:2:      layout_loops_ring, serial_glass, glass_columns_b, glass_columns_a,
          hellmonk_ecumenical_altar_arch_garden, minmay_heptomino_h4,
          uniq_jessica
D:3:      layout_basic, nicolae_overflow_crystal_walls,
          mainiacjoe_overflow_six_doors_small, mainiacjoe_overflow_alcove_4,
          nicolae_qazlal_style_of_elements, serial_shops, shop

Skill      XL: |  1  2  3 |
---------------+----------+-----
Invocations    | 1 2 |  2.8
Evocations     | 1 |  1.8
Shapeshifting  | 1 |  1.4
Unarmed Combat | 3 |  3.2
Fighting       | |  3.0
Dodging        | |  2.9

Action                     |  1- 3 |  4- 6 || total
---------------------------+-------+-------++-------
  Melee: Unarmed           |   128 |    54 ||   182
    Use: Scroll            |     3 |     3 ||     6
         Potion            |       |     2 ||     2
 Armour: Robe              |    48 |    36 ||    84
  Dodge: Dodged            |    80 |    47 ||   127
